 Dungeon Crawl Stone Soup version 0.26.1-11-gd32895ea62 (webtiles) character file.

Game seed: 16347938839474204075

34328 Riddle the Impaler (level 13, -5/109 HPs)
             Began as a Merfolk Gladiator on May 6, 2021.
             Was the Champion of Qazlal.
             Slain by a cyclops (24 damage)
             ... while paralysed by Nessos
             ... on level 14 of the Dungeon.
             The game lasted 00:29:21 (15173 turns).

Riddle the Impaler (Merfolk Gladiator)             Turns: 15173, Time: 00:29:22

Health: -5/109     AC: 16    Str: 15    XL:     13   Next: 76%
Magic:  0/13       EV:  2    Int:  7    God:    Qazlal [******]
Gold:   1091       SH:  0    Dex: 21    Spells: 12/12 levels left

rFire    . . .     SeeInvis .   G - +11 trident of Gallantry {freeze, rF+}
rCold    + + .     Faith    .   y - +0 buckler
rNeg     . . .     Spirit   +   F - +0 ice dragon scales
rPois    .         Reflect  .   K - +2 helmet of Midnight {rElec Regen+ Str-3 Slay+5}
rElec    +         Harm     .   k - +0 cloak
rCorr    .         Rampage  .   (no gloves)
Will     .....                  (no boots)
Stlth    ..........             x - amulet of guardian spirit
HPRegen  0.68/turn              u - +6 ring of strength
MPRegen  0.13/turn              H - +4 ring of slaying

@: paralysed, lethally poisoned (-5 -> -30), protected from physical damage,
repel missiles
A: change form in water, swift swim, stealthy swim, weak 1, subdued magic 2
a: Renounce Religion, Upheaval, Elemental Force, Disaster Area


You were on level 14 of the Dungeon.
You worshipped Qazlal.
Qazlal was exalted by your worship.
You visited 2 branches of the dungeon, and saw 15 of its levels.
You also visited: Bailey and Ice Cave.

You collected 1091 gold pieces.

Inventory:

Hand Weapons
 G - the +11 trident of Gallantry (weapon) {freeze, rF+}
   (You found it on level 7 of the Dungeon)

   It has been specially enchanted to freeze those struck by it, causing extra
   injury to most foes and up to half again as much damage against particularly
   susceptible opponents.
   It can also slow down cold-blooded creatures.
   It protects you from fire.
Missiles
 d - 6 throwing nets (quivered)
Armour
 k - a +0 cloak (worn)
 y - a +0 buckler (worn)
 A - a +1 troll leather armour
 F - +0 ice dragon scales (worn)
 K - the +2 helmet of Midnight (worn) {rElec Regen+ Str-3 Slay+5}
   (You found it on level 9 of the Dungeon)

   It affects your strength (-3).
   It affects your accuracy and damage with ranged weapons and melee attacks
   (+5).
   It insulates you from electricity.
   It increases your rate of regeneration.
Jewellery
 u - a +6 ring of strength (left hand)
 w - a +4 ring of protection {unknown}
 x - an amulet of guardian spirit (around neck)
 B - an uncursed ring of magical power
 H - a +4 ring of slaying (right hand)
 M - an uncursed ring of poison resistance {unknown}
 P - an uncursed ring of ice
 Q - an uncursed ring of protection from fire {unknown}
 T - an uncursed ring of willpower {unknown}
 W - an uncursed ring of wizardry
Wands
 c - a wand of random effects (32)
 D - a wand of polymorph (6)
 I - a wand of flame (28)
 J - a wand of digging (14)
 N - a wand of disintegration (16)
 O - a wand of iceblast (11)
 R - a wand of paralysis (8)
 U - a wand of enslavement (10)
 V - a wand of acid (8)
Scrolls
 b - 2 scrolls of fear
 f - 20 scrolls of identify
 g - 4 scrolls of amnesia
 j - 2 scrolls of enchant armour
 l - 3 scrolls of fog
 n - 3 scrolls of blinking
 o - 11 scrolls of teleportation
 p - 10 scrolls of remove curse
 r - a scroll of noise
 s - a scroll of acquirement
 E - a scroll of vulnerability
 L - 2 scrolls of random uselessness {unknown}
 S - 2 scrolls of magic mapping
Potions
 a - 4 potions of attraction {unknown}
 e - a potion of flight {unknown}
 h - 2 potions of might {unknown}
 i - 5 potions of brilliance {unknown}
 m - a potion of lignification {unknown}
 q - 2 potions of mutation {unknown}
 t - 10 potions of curing
 v - 2 potions of ambrosia {unknown}
 z - a potion of degeneration {unknown}
 C - 8 potions of heal wounds {unknown}


   Skills:
 + Level 12.5 Fighting
 * Level 20.9 Polearms
 - Level 2.0 Throwing
 + Level 14.7 Dodging
 - Level 4.0 Shields


You had 12 spell levels left.
You didn't know any spells.
Your spell library contained the following spells:

 Spells                   Type           Power        Failure   Level
 Corona                   Hex            0%           91%         1
 Magic Dart               Conj           0%           91%         1
 Blink                    Tloc           N/A          97%         2
 Call Imp                 Summ           0%           97%         2
 Ensorcelled Hibernation  Hex/Ice        0%           97%         2
 Passwall                 Tmut/Erth      0%           97%         2
 Slow                     Hex            0%           97%         2
 Confusing Touch          Hex            0%           100%        3
 Conjure Flame            Conj/Fire      0%           100%        3
 Dazzling Flash           Conj/Hex       0%           100%        3
 Gell's Gravitas          Tloc           0%           100%        3
 Ignite Poison            Fire/Tmut/Pois 0%           100%        3
 Inner Flame              Hex/Fire       0%           100%        3
 Mephitic Cloud           Conj/Pois/Air  0%           100%        3
 Tukima's Dance           Hex            0%           100%        3
 Petrify                  Tmut/Erth      0%           100%        4
 Sticky Flame             Conj/Fire      0%           100%        4
 Metabolic Englaciation   Hex/Ice        0%           100%        5
 Yara's Violent Unravell  Hex/Tmut       0%           100%        5


Dungeon Overview and Level Annotations

Branches:
Dungeon (14/15)            Temple (1/1) D:6            Lair (0/6) D:11
    Orc (0/2) D:10         Bailey (visited)           IceCv (visited)
 Vaults: D:13-14

Altars:
Ashenzari
Cheibriados
Dithmenos
Elyvilon
Fedhas
Gozag
Hepliaklqana
Kikubaaqudgha
Makhleb
Nemelex Xobeh
Okawaru
Qazlal
Ru
Sif Muna
Trog
Uskayaw
Vehumet
Wu Jian
Xom
Yredelemnul
Zin
The Shining One

Shops:
D:4 ?   D:5 (   D:9 =   D:11 *   D:12 *

Annotations:
D:14 Nessos


Innate Abilities, Weirdness & Mutations

You revert to your normal form in water.
You are very nimble and swift while swimming.
You are very stealthy in the water. (Stealth+)
You are weak. (Str -2)
Your spells are easier to cast, but less powerful.


Message History

Something draws strength from your injuries!
You feel sick.
Nessos says, "Hold still for a moment, will you?
I've got a trick shot I want to try here."
Nessos shoots an arrow.
The arrow hits you!
Your resistance to physical damage fades away.
You feel protected from fire. The arrow burns you.
You are more poisoned.
The +7 long sword hits you!
Your resistance to fire fades away.
You feel protected from physical attacks.
Nessos shoots an arrow.
The arrow hits you!!
* * * LOW HITPOINT WARNING * * *
The arrow burns you.
* * * LOW HITPOINT WARNING * * *
Something hits you but does no damage. Something bites you.
* * * LOW HITPOINT WARNING * * *
Something draws strength from your injuries!
The cyclops hits you!!
You die...

..#
#..#
...#
#..#
##B.#
##..#
###((##
##.○.##
#{@C##
#.((°##
##(°.#
#..c#
#...#
##<..
#...
#...


You could see Nessos (fast), a cyclops, a soldier ant and a +7 long sword.

Vanquished Creatures
  The ghost of Quickbrownfox the Fighter, a journeyman MiFi of Ashenzari (D:13)
  Fannar (D:11)
  Harold (D:8)
  A hydra (D:13)
  An ice dragon (D:13)
  2 boulder beetles
  A centaur warrior (D:14)
  3 two-headed ogres
  2 orc high priests (Bailey)
  Nergalle (D:11)
  2 unseen horrors
  2 orc knights (Bailey)
  2 oklob plants (D:13)
  An ugly thing (IceCv)
  A manticore (D:10)
  Maurice (D:11)
  Psyche (D:11)
  A gargoyle (D:11)
  A centaur skeleton (D:12)
  2 kobold demonologists (D:13)
  A komodo dragon (D:13)
  A meliai (shapeshifter) (D:13)
  A tengu conjurer (D:13)
  4 trolls
  3 polar bears (D:13)
  3 hornets
  A shadow (D:11)
  A vampire (D:11)
  Eustachio (D:4)
  31 yaks
  5 vampire mosquitoes
  A basilisk (D:14)
  3 wargs (D:11)
  3 acid dragons
  Duvessa (D:4)
  10 ice beasts
  3 sky beasts
  A black bear (D:8)
  18 orc warriors
  An ogre (D:8)
  8 centaurs
  2 wolves (D:13)
  13 big kobolds
  12 bullfrogs
  A gnoll sergeant (D:8)
  2 wyvern zombies
  A water moccasin zombie (D:5)
  Dowan (D:4)
  A scorpion (D:13)
  2 wyvern skeletons (D:11)
  12 killer bees
  15 wights
  12 electric eels
  14 howler monkeys
  4 jellies
  2 centaur zombies
  A lava snake (D:10)
  2 bullfrog zombies
  7 orc priests
  8 hounds
  Crazy Yiuf (D:2)
  3 bullfrog skeletons
  4 iguanas
  18 orc wizards
  12 worker ants
  Robin (D:4)
  14 gnolls
  17 adders
  2 howler monkey skeletons
  A shadow imp (D:10)
  A white imp (D:10)
  An ufetubus (D:10)
  An ooze (D:1)
  An adder skeleton (D:5)
  3 worms (D:2)
  6 dart slugs
  8 leopard geckos
  85 orcs
  A ball python (D:3)
  7 bats
  4 giant cockroaches
  25 goblins
  16 hobgoblins
  6 quokkas
  3 frilled lizards (D:3)
  A jackal skeleton (D:4)
  17 kobolds
  A quokka zombie (D:7)
  9 rats
510 creatures vanquished.

Vanquished Creatures (others)
  A plant (D:11)
1 creature vanquished.

Grand Total: 511 creatures vanquished

Notes
Turn   | Place    | Note
-------+----------+-------------------------------------------
     0 | D:1      | Riddle the Merfolk Gladiator began the quest for the Orb.
     0 | D:1      | Reached XP level 1. HP: 16/16 MP: 1/1
    78 | D:1      | Reached XP level 2. HP: 23/23 MP: 2/2
   216 | D:1      | Reached skill level 5 in Polearms
   438 | D:1      | Reached XP level 3. HP: 27/28 MP: 3/3
  1338 | D:2      | Reached XP level 4. HP: 34/34 MP: 4/4
  1373 | D:2      | Reached skill level 6 in Polearms
  2211 | D:2      | Found a runed translucent door.
  2212 | D:2      | Noticed Crazy Yiuf
  2312 | D:2      | Killed Crazy Yiuf
  2313 | D:2      | Reached skill level 5 in Dodging
  2313 | D:2      | Reached XP level 5. HP: 12/41 MP: 5/5
  3309 | D:3      | Reached skill level 7 in Polearms
  3542 | D:4      | Noticed Robin
  3773 | D:4      | Noticed Duvessa
  3795 | D:4      | Noticed Dowan
  4060 | D:4      | Reached XP level 6. HP: 31/48 MP: 6/6
  4427 | D:4      | Killed Robin
  4476 | D:4      | Found Tosog's Magic Scroll Boutique.
  4696 | D:4      | Killed Duvessa
  4697 | D:4      | Reached skill level 8 in Polearms
  4829 | D:4      | Reached XP level 7. HP: 41/55 MP: 5/7
  4958 | D:4      | Found a radiant altar of Vehumet.
  5198 | D:4      | Noticed Eustachio
  5208 | D:4      | Killed Eustachio
  5209 | D:4      | Reached skill level 9 in Polearms
  5506 | D:4      | Found a radiant altar of Vehumet.
  5817 | D:4      | Killed Dowan
  5818 | D:4      | Reached skill level 5 in Fighting
  5843 | D:5      | Entered Level 5 of the Dungeon
  6366 | D:5      | Reached XP level 8. HP: 52/62 MP: 6/8
  6453 | D:5      | Reached skill level 10 in Polearms
  6483 | D:5      | Found Qukob's Antique Weapon Shoppe.
  7528 | D:6      | Found a staircase to the Ecumenical Temple.
  7786 | Temple   | Entered the Ecumenical Temple
  7871 | Temple   | Became a worshipper of Qazlal Stormbringer
  8016 | D:7      | Reached skill level 11 in Polearms
  8428 | D:7      | Got a crude trident
  8459 | D:6      | Identified the +11 trident of Gallantry {freeze, rF+} (You
                  | found it on level 7 of the Dungeon)
  9098 | D:8      | Noticed a hornet
  9100 | D:8      | Paralysed by a hornet for 3 turns
  9113 | D:7      | Killed a hornet
  9114 | D:7      | Reached XP level 9. HP: 18/71 MP: 2/9
  9418 | D:7      | Reached skill level 12 in Polearms
  9440 | D:8      | Reached * piety under Qazlal
  9533 | D:8      | Noticed Harold
  9544 | D:8      | Killed Harold
  9545 | D:8      | Reached skill level 13 in Polearms
  9928 | D:8      | Reached XP level 10. HP: 80/80 MP: 10/10
 10041 | D:8      | Reached skill level 14 in Polearms
 10054 | D:8      | Reached skill level 10 in Dodging
 10054 | D:8      | Reached ** piety under Qazlal
 10494 | D:4      | Found Tosog's Magic Scroll Boutique.
 10732 | D:9      | Found Vaynum's Jewellery Shoppe.
 10924 | D:9      | Got an ancient helmet
 10948 | D:9      | Identified the +2 helmet of Midnight {rElec Regen+ Str-3
                  | Slay+5} (You found it on level 9 of the Dungeon)
 11292 | D:10     | Entered Level 10 of the Dungeon
 11299 | D:10     | Noticed a manticore
 11304 | D:10     | Reached skill level 15 in Polearms
 11319 | D:10     | Killed a manticore
 11377 | D:10     | Paralysed by a hornet for 1 turns
 11484 | D:10     | Reached *** piety under Qazlal
 11512 | D:10     | Reached XP level 11. HP: 88/89 MP: 11/11
 11558 | D:10     | Reached skill level 16 in Polearms
 11725 | D:10     | You fall into a shaft and drop 1 floor!
 11778 | D:10     | Found a staircase to the Orcish Mines.
 12095 | D:11     | Noticed Psyche
 12103 | D:11     | Killed Psyche
 12121 | D:11     | Noticed Fannar
 12137 | D:11     | Killed Fannar
 12314 | D:11     | Reached skill level 17 in Polearms
 12321 | D:11     | Reached **** piety under Qazlal
 12322 | D:11     | Noticed Maurice
 12327 | D:11     | Found a staircase to the Lair.
 12342 | D:11     | Reached skill level 10 in Fighting
 12348 | D:11     | Killed Maurice
 12359 | D:11     | Noticed Nergalle
 12374 | D:11     | Killed Nergalle
 12434 | D:11     | Found Fuequdgha's General Store.
 12535 | D:11     | Reached ***** piety under Qazlal
 12551 | D:11     | Reached XP level 12. HP: 97/98 MP: 10/12
 12668 | D:11     | Reached skill level 1 in Shields
 12861 | D:12     | Found Fagusaf's General Store.
 12868 | D:11     | Reached skill level 18 in Polearms
 12869 | D:12     | Noticed a two-headed ogre
 12874 | D:11     | Killed a two-headed ogre
 12944 | D:12     | Found a flagged portal.
 12957 | Bailey   | Entered a bailey
 12999 | Bailey   | Noticed an orc high priest
 13007 | Bailey   | Killed an orc high priest
 13007 | Bailey   | Noticed an orc high priest
 13024 | Bailey   | Killed an orc high priest
 13072 | Bailey   | Found an iron altar of Okawaru.
 13089 | Bailey   | Gained mutation: You are weak. (Str -2) [mutagenic glow]
 13107 | Bailey   | Gained mutation: Your spells are a little easier to cast,
                  | but a little less powerful. [mutagenic glow]
 13124 | Bailey   | Gained mutation: Your spells are easier to cast, but less
                  | powerful. [mutagenic glow]
 13429 | Bailey   | Identified the Incunabulum of the Flamy Mountains
 13522 | D:12     | Noticed a two-headed ogre
 13530 | D:12     | Killed a two-headed ogre
 13531 | D:12     | Reached skill level 19 in Polearms
 13550 | D:12     | Noticed a boulder beetle
 13558 | D:12     | Killed a boulder beetle
 13558 | D:12     | Reached ****** piety under Qazlal
 13987 | D:12     | Noticed a two-headed ogre
 13992 | D:12     | Killed a two-headed ogre
 13993 | D:12     | Reached XP level 13. HP: 106/106 MP: 13/13
 14174 | D:13     | Found a frozen archway.
 14175 | D:13     | Noticed an ice dragon
 14186 | D:13     | Reached skill level 20 in Polearms
 14194 | D:13     | Killed an ice dragon
 14220 | IceCv    | Entered an ice cave
 14221 | IceCv    | Found a transporter.
 14558 | D:13     | Found a blossoming altar of Fedhas.
 14780 | D:13     | Found a runed translucent gate.
 14780 | D:13     | Noticed Quickbrownfox's ghost (journeyman MiFi)
 14786 | D:13     | Found a runed translucent gate.
 14786 | D:13     | Found a runed translucent gate.
 14969 | D:13     | Killed Quickbrownfox's ghost
 15091 | D:14     | Noticed Nessos
 15172 | D:14     | Paralysed by Nessos for 6 turns
 15173 | D:14     | Slain by a cyclops

Illustrated notes

Levels and vault maps discovered:
D:1:      lemuel_arrival_cross, layout_loops_corners, serial_forest,
          infiniplex_forest_corner_1, infiniplex_forest_end_1,
          infiniplex_forest_end_3, infiniplex_forest_corner_1,
          infiniplex_forest_clump_medium
D:2:      layout_loops_cross, uniq_crazy_yiuf_cottage
D:3:      layout_basic, st_stairs_8
D:4:      layout_loops_cross, kennysheep_little_box, serial_shops,
          shop_fountains, uniq_eustachio, uniq_robin, uniq_duvessa
D:5:      layout_layer_cave, serial_shops, shop_statue, palyth_stone_intersect,
          chequers_garden, minmay_hedge_maze
D:6:      layout_gridville, minmay_temple_entry_trees
D:7:      layout_basic
D:8:      layout_cave_pools, uniq_harold
D:9:      layout_roguey, serial_shops, nicolae_shop_crystal
D:10:     layout_cave_pools, hiddenorc1_lemuel, kennysheep_donut
D:11:     kennysheep_big_flooded_room, layout_rooms, erik_lair_orcish_takeover,
          serial_shops, nicolae_shop_waterfront, grunt_decor_junction,
          uniq_psyche, uniq_nergalle, uniq_fannar, uniq_maurice
D:12:     layout_basic, serial_shops, shop, enter_bailey_3
D:13:     layout_long_grid, gammafunk_ghost_nasty_kobolds,
          portal_ice_cave_entry_animals_and_master, hangedman_tree_tricks
D:14:     layout_layer_cave, erik_vaults_1, amethyst_killhole, uniq_nessos
Temple:   kilobyte_greek_temple

Skill      XL: |  1  2  3  4  5  6  7  8  9 10 11 12 13 |
---------------+----------------------------------------+-----
Polearms       | 5 6 7 8 9 11 13 15 17 19 20 | 20.9
Fighting       | 3 4 5 6 7 9 10 11 12 | 12.5
Dodging        | 5 6 7 8 9 11 12 13 14 | 14.7
Shields        | 4 |  4.0
Throwing       | |  2.0

Action                   |  1- 3 |  4- 6 |  7- 9 | 10-12 | 13-15 || total
-------------------------+-------+-------+-------+-------+-------++-------
Melee: Trident           |    88 |   269 |    79 |   532 |   221 ||  1189
       Halberd           |       |       |    99 |       |       ||    99
       Glaive            |       |       |    79 |       |       ||    79
       Tailslap          |       |       |       |     5 |       ||     5
  Use: Scroll            |       |       |     3 |    12 |     1 ||    16
 Stab: Sleeping          |     2 |       |     1 |       |       ||     3
Armor: Leather armour    |    12 |    23 |    30 |       |       ||    65
       Ring mail         |       |    49 |    25 |       |       ||    74
       Skin              |       |     1 |       |       |       ||     1
       Troll leather arm |       |       |       |    17 |     1 ||    18
       Ice dragon scales |       |       |       |       |    39 ||    39
Dodge: Dodged            |    46 |   178 |   213 |   164 |    97 ||   698
       Repelled          |       |       |       |     1 |     1 ||     2
Block: Buckler           |       |       |       |    78 |    96 ||   174
       Other             |       |       |       |     2 |       ||     2
